Map: Backwater LE

Players

CinDra - Winner!

  • Race: Zerg Zerg
  • League: Gold
  • Spawn Location: 5:00

RAshomon

  • Race: Protoss Protoss
  • League: Gold
  • Spawn Location: 11:00

VOD

Have the link to the VOD?

Description

Time

  • Played on: March 6, 2018, 9:31 p.m.
  • Length: 18:38
Show
View Real Time Build Order
Export as new Build Order

CinDra Zerg - Winner!

Build Orders: Pool First 

Get SALT Encoding   

  12  0:01  Drone  
  13  0:12  Overlord  
  13  0:17  Drone  
  14  0:30  Drone x2  
  14  0:35  Drone  
  17  0:39  Extractor  
  16  0:45  Drone  
  17  0:51  Spawning Pool  
  17  0:56  Drone  
  17  1:40  Zergling x6  
  20  1:58  Zergling x2  
  20  2:07  Zergling x2  
  20  2:15  Zergling x2  
  19  2:31  Zergling x2  
  19  2:49  Zergling x4  
  21  3:04  Drone  
  22  3:11  Overlord  
  22  3:13  Metabolic Boost  
  22  3:31  Zergling x2  
  23  3:36  Hatchery  
  22  3:43  Drone x2  
  21  4:02  Roach Warren  
  19  4:03  Queen  
  19  4:07  Drone  
  22  4:15  Drone x2  
  24  4:25  Drone  
  25  4:36  Drone  
  26  4:44  Lair  
  26  4:48  Queen  
  26  4:52  Extractor  
  27  4:54  Drone x2  
  29  5:00  Drone x2  
  29  5:04  Drone  
  32  5:12  Overlord  
  33  5:21  Drone x3  
  33  5:23  Overlord  
  35  5:30  Queen  
  35  5:34  Roach  
  39  5:41  Pneumatized Carapace  
  39  5:44  Overlord  
  39  5:51  Drone x2  
  39  5:54  Roach  
  43  6:00  Overlord  
  43  6:03  Roach  
  45  6:06  Drone x2  
  45  6:09  Drone  
  48  6:15  Roach  
  48  6:16  Roach  
  52  6:23  Nydus Network  
  52  6:25  Roach  
  53  6:30  Queen  
  55  6:37  Queen  
  57  6:50  Overlord  
  57  7:01  Roach x5  
  61  7:03  Overlord x2  
  67  7:22  Roach x3  
  79  7:23  Roach x3  
  79  7:45  Nydus Canal  
  79  7:47  Roach  
  79  7:48  Roach  
  80  8:25  Overlord  
  80  8:26  Overlord x5  
  68  9:09  Roach  
  58  9:10  Roach x5  
  52  9:35  Roach  
  52  9:36  Roach x3  
  52  9:37  Queen x2  
  56  9:55  Overseer  
  53  10:01  Hatchery  
  47  10:18  Queen  
  47  10:19  Queen  
  47  10:21  Drone x6  
  53  10:36  Drone  
  53  10:37  Drone  
  55  10:45  Drone x2  
  57  10:54  Glial Reconstitution, Queen  
  59  10:58  Queen  
  59  11:01  Drone x6  
  67  11:12  Drone  
  67  11:13  Drone  
  67  11:14  Drone  
  70  11:21  Hydralisk Den  
  70  11:22  Drone  
  70  11:23  Drone x3  
  73  11:31  Extractor  
  72  11:33  Extractor  
  72  11:34  Roach x5  
  82  11:40  Drone x3  
  84  11:48  Evolution Chamber  
  84  11:50  Evolution Chamber  
  84  11:52  Drone x3  
  84  11:53  Queen  
  84  11:54  Queen x2  
  91  12:09  Drone x9  
  91  12:11  Drone x3  
  94  12:29  Queen  
  96  12:43  Roach x15  
  126  12:54  Overseer  
  126  12:57  Roach x2  
  130  13:02  Zerg Missile Weapons Level 1, Zerg Ground Armor Level 1  
  130  13:06  Grooved Spines  
  130  13:07  Overlord  
  130  13:08  Overlord  
  130  13:25  Overlord x3  
  130  13:26  Roach  
  130  13:27  Roach x2  
  136  13:29  Extractor  
  136  13:31  Extractor  
  134  13:51  Roach x10  
  134  13:53  Overlord  
  154  14:00  Nydus Canal  
  154  14:08  Roach  
  154  14:09  Roach x4  
  164  14:17  Muscular Augments  
  158  14:33  Hydralisk  
  158  14:34  Hydralisk x7  
  158  14:36  Overlord  
  174  14:46  Hydralisk x2  
  178  14:55  Overseer x2  
  178  15:05  Overlord  
  178  15:06  Overlord x4  
  178  15:13  Zerg Missile Weapons Level 2  
  178  15:16  Zerg Ground Armor Level 2  
  168  16:11  Overseer x4  
  168  16:12  Hydralisk x9  
  168  16:13  Hydralisk x5  
  196  16:19  Hydralisk  
  196  16:20  Hydralisk  
  174  17:08  Hydralisk  
  174  17:09  Hydralisk x11  
  182  17:23  Hydralisk  
  182  17:24  Hydralisk x3  
  172  17:42  Hatchery  
  163  18:09  Hydralisk x7  
  177  18:15  Infestation Pit  
Show
View Real Time Build Order
Export as new Build Order

RAshomon Protoss 

Build Orders:  

Get SALT Encoding   

  12  0:13  Pylon  
  12  0:15  Probe (Chrono Boost)  
  13  0:27  Probe (Chrono Boost)  
  14  0:34  Forge  
  14  0:46  Pylon  
  14  0:54  Assimilator  
  14  1:08  Pylon  
  14  1:20  Pylon  
  14  1:28  Photon Cannon  
  14  1:40  Photon Cannon  
  14  1:47  Pylon  
  14  2:00  Photon Cannon  
  14  2:09  Pylon  
  14  2:28  Photon Cannon  
  13  2:35  Photon Cannon  
  13  2:42  Probe  
  14  2:54  Probe  
  14  3:03  Gateway  
  14  3:06  Probe  
  15  3:17  Photon Cannon  
  15  3:27  Photon Cannon  
  15  3:39  Photon Cannon  
  15  3:55  Photon Cannon  
  15  4:05  Photon Cannon  
  15  4:07  Probe  
  16  4:19  Probe  
  17  4:25  Cybernetics Core  
  17  4:31  Probe (Chrono Boost)  
  17  4:32  Pylon  
  18  4:53  Probe (Chrono Boost)  
  18  4:54  Cybernetics Core  
  19  5:03  Pylon  
  19  5:04  Probe (Chrono Boost)  
  20  5:09  Probe (Chrono Boost)  
  20  5:13  Assimilator  
  21  5:16  Assimilator  
  21  5:19  Probe  
  22  5:31  Probe  
  23  5:36  Pylon  
  23  5:43  Probe  
  24  5:55  Probe  
  24  5:57  Nexus  
  25  5:59  Stalker  
  27  6:09  Warp Gate (Chrono Boost)  
  27  6:24  Photon Cannon  
  27  6:31  Twilight Council  
  27  6:35  Gateway  
  27  6:48  Shield Battery  
  27  7:01  Gateway  
  27  7:05  Pylon  
  27  7:30  Probe (Chrono Boost)  
  28  7:38  Assimilator  
  28  7:41  Probe (Chrono Boost)  
  29  7:44  Dark Shrine  
  29  7:45  Probe (Chrono Boost)  
  29  7:46  Gateway  
  30  7:56  Probe  
  31  8:08  Probe  
  31  8:12  Photon Cannon  
  29  8:13  Photon Cannon  
  29  8:15  Photon Cannon  
  28  8:27  Shield Battery  
  28  8:30  Shield Battery  
  28  8:57  Dark Templar x3  
  28  8:58  Dark Templar  
  33  9:31  Dark Templar x2  
  33  10:39  Nexus  
  33  10:44  Pylon  
  33  10:56  Nexus  
  33  11:01  Dark Templar  
  35  11:13  Dark Templar  
  37  11:33  Photon Cannon  
  37  11:49  Pylon  
  37  11:52  Probe  
  38  12:04  Probe (Chrono Boost)  
  39  12:15  Probe (Chrono Boost)  
  40  12:19  Probe (Chrono Boost)  
  39  12:29  Probe (Chrono Boost)  
  38  12:36  Probe (Chrono Boost)  
  39  12:37  Stargate  
  39  12:40  Probe (Chrono Boost)  
  40  12:45  Probe (Chrono Boost)  
  40  12:46  Stargate  
  40  12:47  Probe  
  42  12:55  Probe  
  43  12:59  Probe  
  43  13:01  Assimilator  
  44  13:08  Probe  
  45  13:18  Shield Battery  
  45  13:20  Stalker, Probe  
  45  13:26  Stalker  
  50  13:30  Stalker  
  50  13:31  Stalker  
  50  13:32  Probe  
  55  13:36  Photon Cannon  
  55  13:38  Probe (Chrono Boost)  
  56  13:44  Probe (Chrono Boost)  
  57  13:53  Pylon  
  59  13:56  Probe x2 (Chrono Boost)  
  59  14:01  Pylon, Probe (Chrono Boost)  
  60  14:03  Pylon  
  60  14:06  Pylon  
  60  14:08  Pylon  
  60  14:10  Probe  
  61  14:22  Probe  
  62  14:27  Photon Cannon  
  62  14:46  Photon Cannon  
  62  14:49  Protoss Ground Weapons Level 1  
  62  14:55  Protoss Air Weapons Level 1  
  62  15:03  Fleet Beacon  
  62  15:09  Pylon, Probe (Chrono Boost)  
  63  15:17  Robotics Facility  
  63  15:19  Probe (Chrono Boost)  
  64  15:24  Probe (Chrono Boost)  
  65  15:35  Probe  
  66  15:39  Oracle (Chrono Boost)  
  66  15:40  Void Ray (Chrono Boost)  
  59  15:47  Probe  
  27  16:06  Void Ray (Chrono Boost)  
  22  16:13  Void Ray (Chrono Boost)  
  34  16:58  Nexus  
  18  17:34  Pylon  
  18  17:36  Pylon  
  18  17:52  Nexus  
  18  18:03  Pylon  
  18  18:11  Pylon  
  18  18:22  Probe  
Tags
 
League
GoldGold
Matchup
PvZ
Opening
Pool First
Spawn Locations
Cross Positions
Add a new tag
Caveats
  • Supply blocks, unpowered buildings, or Contaminate may cause inaccurate times.
  • Supply counts are checked every 10 seconds.